 Dungeon Crawl Stone Soup version 0.32-a0-931-g5a2cda0 (webtiles) character file.

Game seed: 14658072317354151259

613582 Tanach the Coglin Blade (level 27, -9/322 (342) HPs)
             Began as a Coglin Chaos Knight on Apr 13, 2024.
             Was the Champion of Okawaru.
             Killed by divine providence
             ... invoked by a royal mummy
              (15 damage)
             ... on level 10 of a ziggurat.
             The game lasted 01:15:20 (56722 turns).

Tanach the Coglin Blade (Coglin Chaos Knight)      Turns: 56722, Time: 01:15:20

HP:   -9/322 (342)  AC: 34    Str: 10      XL:     27
MP:   16/44         EV:  2    Int: 13 (15) God:    Okawaru [******]
Gold: 3982          SH:  0    Dex: 29      Spells: 41/60 levels left

rFire   . . .        S - +7 double sword (vamp) {Bor}
rCold   . . .        W - +12 Maxwell's thermic engine {flame, freeze, rev}
rNeg    . . .        s - melded +5 ring mail of the Evil One {rF++ rN+++}
rPois   +            Y - melded +0 helmet "Ygoizyul" {rPois Will+}
rElec   +            G - melded +0 cloak {rCorr}
rCorr   .            q - melded +0 pair of fencer's gloves {Riposte Dex+3}
SInv    .            E - melded +1 pair of boots of Lies {*Corrode Will+ Dex+4}
Will    +++..        (amulet unavailable)
Stlth   ++++++       (ring unavailable)
HPRegen 0.73/turn    (ring unavailable)
MPRegen 0.29/turn    x - tertiary scope {Rampage Acrobat rElec Will+}

%: acrobat, rampage
@: brilliant, lethally poisoned (-9 -> -29), tree-form (expiring), heroic,
slowed, studying Unarmed Combat, drained, revved, very slow
A: stationary, stasis, torment immunity, boosted hp, off-hand wielding, slow
wielding, warmup strikes, no jewellery, agile 1, clever 1, (cold resistance 1),
deterioration 1, screaming 1, weak 1
}: 3/15 runes: decaying, serpentine, silver
a: Renounce Religion, Heroism, Finesse, Duel


You were on level 10 of a ziggurat.
You worshipped Okawaru.
Okawaru was exalted by your worship.
You were a tree.
You visited 10 branches of the dungeon, and saw 48 of its levels.
You visited 1 bazaar.
You visited 1 ziggurat, and saw 10 of its levels.
You also visited: Bailey, Gauntlet and Volcano.

You collected 9093 gold pieces.
You spent 5111 gold pieces at shops.

Inventory:

Hand Weapons
 y - the +7 demon blade "Iziseph" {elec, Dex+3 SInv}
   (You acquired it on level 4 of the Swamp)

   Dex+3:     It affects your dexterity (+3).
   SInv:      It lets you see invisible.
 P - the +6 scimitar of Valiance {freeze, rF++ rN+}
   (You acquired it on level 3 of the Swamp)

   rF++:      It greatly protects you from fire.
   rN+:       It protects you from negative energy.
 S - a +7 vampiric double sword (weapon) {Bor}
 W - the +12 Maxwell's thermic engine (offhand) {flame, freeze, rev}
   (You acquired it on level 3 of the Depths)
Missiles
 J - 22 curare-tipped darts {!f}
Armour
 q - the +0 pair of fencer's gloves (melded) {Riposte Dex+3}
   (You found it in a Gauntlet)

   Riposte:   It allows the wearer to riposte with melee weapons, swiftly
   retaliating against missed or blocked melee attacks.
   Dex+3:     It affects your dexterity (+3).
 s - the +5 ring mail of the Evil One (melded) {rF++ rN+++}
   (You found it on level 3 of the Elven Halls)

   rF++:      It greatly protects you from fire.
   rN+++:     It renders you almost immune to negative energy.
 E - the +1 pair of boots of Lies (melded) {*Corrode Will+ Dex+4}
   (You bought it in a shop on level 2 of the Snake Pit)

   Dex+4:     It affects your dexterity (+4).
   Will+:     It increases your willpower.
   *Corrode:  It may corrode you when you take damage.
 G - a +0 cloak of preservation (melded)
 Q - +0 fire dragon scales
 T - the +4 skin of Zhor {*Englaciate rC+++ SInv}
   (Okawaru gifted it to you on level 4 of the Lair of Beasts)

   *Englaciate: It radiates cold, occasionally slowing all nearby creatures who
   are not resistant to cold.
   rC+++:     It renders you almost immune to cold.
   SInv:      It lets you see invisible.
 Y - the +0 helmet "Ygoizyul" (melded) {rPois Will+}
   (You found it on level 3 of the Elven Halls)

   rPois:     It protects you from poison.
   Will+:     It increases your willpower.
Gizmo
 x - a tertiary scope (installed) {Rampage Acrobat rElec Will+}
   (You invented it yourself on level 2 of the Lair of Beasts)

   [tertiary scope]

   rElec:     It insulates you from electricity.
   Will+:     It increases your willpower.
   Rampage:   It bestows one free step when moving towards enemies.
   Acrobat:   It increases your evasion after moving or waiting.
Wands
 A - a wand of mindburst (45)
 B - a wand of acid (43)
 D - a wand of roots (47)
 N - a wand of polymorph (32)
 X - a wand of digging (11)
Scrolls
 a - 5 scrolls of poison
 c - 3 scrolls of butterflies
 f - 25 scrolls of teleportation
 i - 4 scrolls of vulnerability
 l - 16 scrolls of fog
 m - 3 scrolls of torment
 n - 11 scrolls of enchant weapon
 t - 6 scrolls of immolation
 u - 4 scrolls of revelation
 F - 5 scrolls of fear
 H - 4 scrolls of brand weapon
 K - 10 scrolls of enchant armour
 R - 6 scrolls of blinking
 U - 5 scrolls of silence
 V - 8 scrolls of amnesia
Potions
 d - 19 potions of curing
 e - 10 potions of magic
 g - 8 potions of cancellation
 h - 19 potions of mutation
 j - 11 potions of brilliance
 k - 8 potions of enlightenment
 o - 6 potions of berserk rage
 r - 4 potions of invisibility
 v - 10 potions of heal wounds
 w - 9 potions of haste
 C - 4 potions of lignification
 L - 3 potions of might
 O - 9 potions of attraction
 Z - 4 potions of resistance
Miscellaneous
 b - a lightning rod (4/4)
 p - a tin of tremorstones (2/2)
 z - a phial of floods
 I - a phantom mirror
 M - a sack of spiders


   Skills:
 + Level 21.0(26.0) Fighting
 + Level 21.6(26.6) Long Blades
 - Level 2.0(7.0) Throwing
 - Level 13.3(18.3) Armour
 + Level 21.3(26.3) Dodging
 - Level 9.0(14.0) Stealth
 - Level 17.0 Spellcasting
 - Level 11.0 Necromancy
 - Level 17.0 Translocations
 - Level 9.0 Invocations
 - Level 9.0 Evocations


You had 41 spell levels left.
You knew the following spells:

 Your Spells              Type           Power      Damage    Failure   Level
a - Blink                 Tloc           100%       N/A       0%          2
b - Manifold Assault      Tloc           35%        N/A       4%          7
c - Passage of Golubria   Tloc           70%        N/A       1%          4
d - Vhi's Electric Charg  Tloc/Air       98%        N/A       1%          4
e - Sublimation of Blood  Necr           56%        N/A       1%          2

Your spell library contained the following spells:

 Spells                   Type           Power      Damage    Failure   Level
 Lesser Beckoning         Tloc           100%       N/A       0%          2
 Maxwell's Portable Pile  Tloc           70%        2d(12-34) 0%          3
 Teleport Other           Tloc           70%        N/A       0%          3
 Kiss of Death            Conj/Necr      100%       2d13      1%          1
 Cigotuvi's Dreadful Rot  Necr/Alch/Air  60%        N/A       1%          2
 Fugue of the Fallen      Necr           56%        N/A       1%          3
 Volatile Blastmotes      Fire/Tloc      98%        2d18      1%          3
 Dimensional Bullseye     Hex/Tloc       24%        N/A       1%          4
 Dispel Undead            Necr           56%        3d20      1%          4
 Iskenderun's Mystic Bla  Conj/Tloc      49%        2d11      (+2d51%     4
 Curse of Agony           Necr           56%        N/A       1%          5
 Magic Dart               Conj           64%        1d6       5%          1
 Shock                    Conj/Air       64%        1d7       5%          1
 Anguish                  Hex/Necr       19%        N/A       5%          4
 Ensorcelled Hibernation  Hex/Ice        32%        N/A       9%          2
 Mercury Vapours          Alch/Air       32%        N/A       9%          2
 Searing Ray              Conj           32%        2d5       9%          2
 Static Discharge         Conj/Air       32%        3-5/arc   9%          2
 Confusing Touch          Hex            16%        N/A       16%         3
 Frozen Ramparts          Ice            32%        1d5       16%         3
 Hailstorm                Conj/Ice       16%        3d6       16%         3
 Inner Flame              Hex/Fire       16%        N/A       16%         3
 Mephitic Cloud           Conj/Alch/Air  16%        N/A       16%         3
 Ozocubu's Armour         Ice            16%        N/A       16%         3
 Passwall                 Erth           16%        N/A       16%         3
 Sigil of Binding         Hex            16%        N/A       16%         3
 Stone Arrow              Conj/Erth      32%        3d9       16%         3
 Swiftness                Air            16%        N/A       16%         3
 Borgnjor's Vile Clutch   Necr/Erth      19%        N/A       16%         5
 Disjunction              Tloc           35%        N/A       32%         8
 Airstrike                Air            8%         2d(2-18)  47%         4
 Cause Fear               Hex            8%         N/A       47%         4
 Flame Wave               Conj/Fire      16%        2d7       47%         4
 Fulminant Prism          Conj/Alch      8%         3d7       47%         4
 Leda's Liquefaction      Alch/Erth      8%         N/A       47%         4
 Petrify                  Alch/Erth      16%        N/A       47%         4
 Sticky Flame             Fire/Alch      16%        2d5       47%         4
 Arcjolt                  Conj/Air       8%         1d18      83%         5
 Freezing Cloud           Conj/Ice/Air   8%         6-21      83%         5
 Irradiate                Conj/Alch      8%         3d14      83%         5
 Iskenderun's Battlesphe  Conj           16%        2d7       83%         5
 Metabolic Englaciation   Hex/Ice        8%         N/A       83%         5
 Silence                  Hex/Air        8%         N/A       83%         5
 Bombard                  Conj/Erth      8%         9d2       100%        6
 Conjure Ball Lightning   Conj/Air       8%         3x3d6     100%        6
 Eringya's Noxious Bog    Alch           8%         4d6       100%        6
 Plasma Beam              Fire/Air       8%         2x1d18    100%        6
 Starburst                Conj/Fire      8%         6d4       100%        6
 Ozocubu's Refrigeration  Ice            8%         4d9       100%        7
 Discord                  Hex            8%         N/A       100%        8
 Ignition                 Fire           8%         3d5       100%        8
 Lehudib's Crystal Spear  Conj/Erth      8%         10d3      100%        8
 Maxwell's Capacitive Co  Air            8%         ∞         100%        8
 Chain Lightning          Conj/Air       8%         3d10      100%        9
 Death's Door             Necr           28%        N/A       100%        9
 Fire Storm               Conj/Fire      8%         8d2       100%        9
 Shatter                  Erth           8%         3d10*     100%        9
 Animate Dead             Necr           Unusable   N/A       N/A         4
 Summon Forest            Summ/Tloc      Unusable   N/A       N/A         5
 Martyr's Knell           Necr/Summ      Unusable   N/A       N/A         4
 Call Imp                 Summ           Unusable   N/A       N/A         2
 Death Channel            Necr           Unusable   N/A       N/A         6
 Call Canine Familiar     Summ           Unusable   N/A       N/A         3
 Summon Ice Beast         Ice/Summ       Unusable   N/A       N/A         3
 Animate Armour           Summ/Erth      Unusable   N/A       N/A         4
 Summon Lightning Spire   Summ/Air       Unusable   N/A       N/A         4
 Haunt                    Necr/Summ      Unusable   N/A       N/A         7
 Spellforged Servitor     Conj/Summ      Unusable   N/A       N/A         7
 Summon Hydra             Summ           Unusable   N/A       N/A         7

Dungeon Overview and Level Annotations

Branches:
Dungeon (15/15)            Temple (1/1) D:4            Lair (5/5) D:11
  Swamp (4/4) Lair:3        Snake (4/4) Lair:3        Slime (0/5) Lair:4
    Orc (2/2) D:10            Elf (3/3) Orc:2        Vaults (5/5) D:13
  Crypt (0/3) Vaults:3     Depths (4/4) D:15            Zot (5/5) Depths:4
 Bailey (visited)         Volcano (visited)         Gauntlet (visited)

Altars:
Ashenzari
Cheibriados
Dithmenos
Elyvilon
Fedhas
Gozag
Hepliaklqana
Kikubaaqudgha
Makhleb
Nemelex Xobeh
Okawaru
Qazlal
Ru
Sif Muna
Trog
Uskayaw
Vehumet
Wu Jian
Xom
Yredelemnul
Zin
The Shining One
Beogh
Jiyva

Shops:
Orc:2 [*:(   Snake:1 :   Snake:2 *:[[*   Snake:3 (**(*   Snake:4 [   Vaults:3 *
Vaults:5 ?

Portals:
Hell: Depths:1 Depths:2 Depths:3 Depths:4
Abyss: Depths:3
Pandemonium: Depths:2
Trove: Elf:1 (give 18 potions of curing)

Annotations:
D:6 exclusion: downstairs
D:8 2 transporters, 1lSu2w's ghost, novice OpAE
D:9 Gastronok
D:13 3 runed translucent doors, Celudghu's ghost, journeyman TeCj
D:15 Roxanne
Swamp:1 1 runed translucent door, bongcheondong's ghost, adept GnIE
Zot:1 1 runed translucent door, Draconius's ghost, adept GrEE


Innate Abilities, Weirdness & Mutations

You are a tree.
Your roots penetrate the ground, keeping you stationary.
You cannot be teleported.
You are immune to unholy pain and torment.
Your maximum health is greatly increased.
Your equipment is partially melded.
You can wield a second weapon in your off-hand.
It takes a long time for you to wield or remove held weapons.
Your first few attacks do less damage.
You cannot equip rings or amulets.
You are agile. (Dex +4, Str/Int -1)
Your mind is acute. (Int +4, Str/Dex -1)
((Your flesh is cold resistant. (rC+)))
Your body sometimes deteriorates upon taking damage.
You occasionally shout uncontrollably at your foes.
You are weak. (Str -2)


Message History

You destroy the freezing wraith!
The freezing wraith disappears in a puff of smoke!
You slice the wight with the +14 Maxwell's thermic engine!!
You burn the wight.
You destroy the wight!
The wight disappears in a puff of smoke!
You feel extremely nervous for a moment...
You feel horribly lethargic.
You feel as though you will be slow longer.
You are engulfed in dark miasma.
You are more poisoned.
You feel as though you will be slow longer.
* * * LOW HITPOINT WARNING * * *
You feel extremely sick.
The ushabti hits you but does no damage.
The shadow strikes at you from the darkness!
* * * LOW HITPOINT WARNING * * *
Reactivating autopickup.
Unknown command.
Magic courses through your body.
You are engulfed in dark miasma.
* * * LOW HITPOINT WARNING * * *
Your transformation is almost over.
You feel extremely sick.
The death scarab bites you but does no damage.
The death scarab bites you!
* * * LOW HITPOINT WARNING * * *
The death scarab drains your vigour!
You feel as though you will be slow longer.
The death scarab draws strength from your injuries!
The shadow slips into darkness.
The shadow flickers and vanishes!
Deactivating autopickup; reactivate with Ctrl-A.
The ushabti hits you.
* * * LOW HITPOINT WARNING * * *
The mummy priest invokes the aid of its god against you.
Something smites you!
* * * LOW HITPOINT WARNING * * *
The royal mummy gestures at you while chanting.
Something smites you!
You die...

▓▓▓▓▓▓▓▓▓▓▓
▓▓.........▓▓
▓..........°▓▓
..........°..▓▓
=.....{..°....▓▓
?.....MM°......▓▓
$MM§MM{♣......∩.▓
/.§..Z9§.......▓▓
......MB......▓▓
.............▓▓
▓...........▓▓
▓▓.........▓▓
▓▓▓▓▓▓▓▓▓▓▓


You could see a royal mummy, a mummy priest, 4 guardian mummies, an ushabti, a
death scarab (summoned), a mummy and a frost giant skeleton (summoned).

Vanquished Creatures
  3 ancient liches (Zot:5)
  A pandemonium lord (Zig:6)
  5 dread liches
  3 orbs of fire
  2 juggernauts
  Xtahua (Vaults:4)
  Boris (twice) (Vaults:2 Depths:3)
  Vashnia (Snake:4)
  Sojobo (Depths:2)
  4 Killer Klowns (Zot:5)
  Saint Roka (Depths:1)
  Margery (Vaults:2)
  Vv (Depths:2)
  2 curse toes (Zot:3)
  17 golden dragons
  Jory (Depths:2)
  Norris (Depths:3)
  3 doom hounds (Depths:2)
  A Tzitzimitl (Zig:6)
  3 electric golems (Zot:5)
  16 tentacled monstrosities
  A hellephant (Vaults:2)
  11 quicksilver dragons
  2 liches
  Asterion (Snake:1)
  Rupert (D:13)
  2 deep elf blademasters
  2 walking divine tomes (Depths:3)
  2 titans
  2 walking frostbound tomes (Depths:3)
  25 Orb Guardians (Zot:5)
  Grunn (Depths:2)
  7 death cobs
  3 deep elf master archers
  6 sphinxes
  24 storm dragons
  An ancient champion (Zig:9)
  7 tengu reavers
  Donald (Snake:1)
  2 thorn hunters
  12 shadow dragons
  Agnes (D:14)
  A demonspawn warmonger (Zig:6)
  4 protean progenitors
  9 frost giants
  13 draconian monks
  5 fire giants
  A draconian knight (Zot:5)
  17 vault wardens
  5 nagarajas
  4 draconian scorchers
  A revenant (Zig:8)
  A draconian shifter (Depths:4)
  9 deep elf sorcerers
  A draconian stormcaller (Zot:3)
  An angel (Depths:2)
  3 ghost moths
  2 curse skulls (Zig:9)
  3 iron dragons
  A draconian annihilator (Zot:3)
  2 balrugs
  A reaper (Depths:1)
  2 cacodemons (Depths:3)
  13 ironbound preservers
  3 deep elf elementalists (Elf:3)
  3 orc warlords
  6 very ugly things
  17 stone giants
  11 ironbound thunderhulks
  5 eleionomae
  6 vampire knights
  3 deep elf demonologists
  9 deep elf death magi
  13 black draconians
  4 dire elephants
  8 green draconians
  A minotaur (Gauntlet)
  11 deep elf annihilators
  A demonspawn black sun (Zig:6)
  A bunyip (Swamp:4)
  5 war gargoyles
  4 spark wasps
  10 white draconians
  10 purple draconians
  4 yellow draconians
  A lorocyproca (Depths:2)
  14 eidola
  8 red draconians
  2 merfolk javelineers
  3 mummy priests (Zig:10)
  8 ettins
  A merfolk impaler (Zig:7)
  4 entropy weavers
  Josephine (D:11)
  6 crystal guardians (Vaults:4)
  3 shambling mangroves (Swamp:4)
  12 yaktaur captains
  16 fire dragons
  5 salamander tyrants
  A rakshasa (Depths:2)
  27 vault guards
  Fannar (D:10)
  6 spriggan air magi
  10 deep elf high priests
  Erolcha (Orc:2)
  10 alligators
  2 ghost crabs
  6 great orbs of eyes
  10 ironbound frosthearts
  2 jorogumos (Zot:2)
  27 hydras
  2 hell beasts
  A merfolk aquamancer (Zig:7)
  2 radroaches (Zot:5)
  10 anacondas
  4 centaur warriors
  A spriggan skeleton (Zig:10)
  3 ogre magi
  A death knight (D:14)
  8 ice dragons
  2 satyrs (Zig:5)
  Erica (D:9)
  15 two-headed ogres
  27 dancing weapons
  4 boulder beetles
  5 deep troll shamans
  6 tengu warriors
  2 death yaks (D:10)
  Urug (D:13)
  12 deep troll earth magi
  17 naga warriors
  4 orc high priests
  4 occultists
  A shock serpent (shapeshifter) (Vaults:5)
  4 vampire magi
  4 soul eaters
  4 spriggan berserkers
  3 sun demons (Depths:1)
  10 shock serpents
  3 hell knights (Vaults:2)
  24 naga sharpshooters
  A skyshark (shapeshifter) (Vaults:3)
  Nergalle (Lair:2)
  22 deep elf knights
  12 shadow wraiths
  4 skysharks
  16 deep elf archers
  A fire crab (Volcano)
  9 skeletal warriors
  A sea snake (shapeshifter) (Vaults:4)
  9 goliath frogs
  4 spriggan druids
  2 salamander mystics
  A sixfirhy (Depths:1)
  12 iron trolls
  44 deep trolls
  4 mana vipers
  4 arcanists
  A death drake (Depths:4)
  3 sea snakes
  A deep troll (shapeshifter) (Vaults:5)
  4 glowing orange brains
  11 swamp dragons
  6 bog bodies
  A shadow demon (Depths:3)
  3 thermic dynamos (Elf:3)
  9 flayed ghosts
  8 phantasmal warriors
  7 naga ritualists
  3 large abominations
  2 obsidian statues
  7 harpies
  An obsidian bat (Orc:1)
  12 orc knights
  25 ironbound convokers
  17 lindwurms
  4 necromancers
  35 deep elf zephyrmancers
  39 deep elf pyromancers
  A wolf spider (shapeshifter) (Vaults:5)
  4 will-o-the-wisps
  10 ugly things
  5 manticores
  2 fauns (shapeshifter)
  5 orc sorcerers
  19 salamanders
  Maurice (D:10)
  4 cyclopes
  22 moths of wrath
  3 meliai (D:15)
  38 black mambas
  2 rust devils (Depths:3)
  A merfolk siren (Zig:7)
  15 elephants
  9 guardian serpents
  10 naga magi
  2 kobold blastminers (Orc:1)
  An eye of devastation (Lair:4)
  3 water nymphs (Zig:7)
  21 vault sentinels
  3 molten gargoyles (Elf:2)
  A gargoyle (D:11)
  2 smoke demons (Depths:1)
  A hellion (Depths:1)
  An orange demon (Depths:3)
  12 cane toads
  2 kobold demonologists
  An unseen horror (D:10)
  A minotaur zombie (Gauntlet)
  3 komodo dragons (Lair:4)
  27 yaktaurs
  A komodo dragon (shapeshifter) (Vaults:5)
  Psyche (D:9)
  5 freezing wraiths
  An ice devil (Depths:1)
  4 rime drakes
  4 tengu conjurers
  6 guardian mummies (Zig:10)
  A merfolk (Zig:7)
  Grinder (D:5)
  2 red devils
  16 hornets
  3 hellwings (Depths:3)
  12 tyrant leeches
  2 hydra zombies (Swamp:3)
  12 trolls
  2 polar bears (Lair:5)
  A tarantella (Vaults:3)
  A wind drake (Zig:7)
  A glass eye (Lair:4)
  A dream sheep (Lair:5)
  A glass eye (shapeshifter) (Vaults:4)
  24 blink frogs
  42 slime creatures
  4 air elementals
  A culicivora (shapeshifter) (Vaults:3)
  3 shadows
  19 spriggans
  A vampire (D:9)
  42 yaks
  8 wyverns
  6 water elementals
  9 wraiths
  A fire elemental (Elf:1)
  2 ynoxinuls (Depths:1)
  3 wargs
  3 basilisks
  5 fire bats
  16 humans (D:13)
  2 ushabtiu (Zig:10)
  A neqoxec (Depths:3)
  A redback (Vaults:3)
  A redback (shapeshifter) (Vaults:5)
  3 steam dragons
  26 vampire mosquitoes
  Menkaure (D:6)
  2 chaos spawn
  16 swamp worms
  45 nagas
  3 acid dragons
  5 hell hounds
  15 water moccasins
  39 orc warriors
  4 ice beasts
  2 sky beasts
  5 black bears
  3 laughing skulls
  13 swamp drakes
  5 boggarts
  7 ogres
  6 centaurs
  38 wolves
  3 kobold brigands
  4 elf zombies (Elf:1)
  7 bullfrogs
  A gnoll sergeant (D:11)
  5 earth elementals
  A water moccasin zombie (D:3)
  5 scorpions
  11 wights
  8 killer bees
  7 electric eels
  3 howler monkeys (D:12)
  4 lava snakes (Snake:1)
  A hound (D:5)
  2 jellies
  2 bombardier beetles
  18 orc priests
  A gnoll bouda (D:8)
  Jessica (D:2)
  26 orc wizards
  Natasha (twice) (D:2)
  7 hell rats (D:6)
  4 iguanas
  A hound zombie (D:3)
  8 mummies (Zig:10)
  22 gnolls
  16 river rats (D:6)
  8 adders
  A white imp (D:6)
  2 ufetubi (D:6)
  4 dart slugs
  80 orcs
  8 endoplasms
  6 giant cockroaches
  17 hobgoblins
  4 jackals (D:4)
  7 quokkas
  10 ball pythons
  5 bats
  A frilled lizard (D:1)
  18 goblins
  14 kobolds
  7 rats
  5 aspiring fleshes
2245 creatures vanquished.

Vanquished Creatures (collateral kills)
  A scorpion (D:7)
  6 wights (D:7)
  A killer bee (D:7)
8 creatures vanquished.

Vanquished Creatures (others)
  Louise (Swamp:2)
  A two-headed ogre (shapeshifter) (Depths:3)
  A swamp dragon (Swamp:4)
  A molten gargoyle (Elf:2)
  An efreet (D:13)
  2 bloated husks
  An acid dragon (Zot:2)
  2 orcs
  A goblin (D:4)
  16 foxfires
27 creatures vanquished.

Grand Total: 2280 creatures vanquished

Notes
Turn   | Place    | Note
-------+----------+-------------------------------------------
     0 | D:1      | Tanach the Coglin Chaos Knight began the quest for the Orb.
     0 | D:1      | Reached XP level 1. HP: 18/18 MP: 1/1
    47 | D:1      | XOM: silly message
   191 | D:1      | Reached XP level 2. HP: 24/24 MP: 2/2
   253 | D:1      | XOM: silly message
   257 | D:1      | XOM: silly message
   645 | D:1      | Reached XP level 3. HP: 29/29 MP: 3/3
   829 | D:2      | XOM: silly message
   830 | D:2      | XOM: divination: detect items
  1025 | D:2      | Noticed Jessica
  1030 | D:2      | Killed Jessica
  1031 | D:2      | Reached XP level 4. HP: 35/35 MP: 4/4
  1090 | D:2      | XOM: noise
  1095 | D:2      | Reached skill level 5 in Long Blades
  1351 | D:2      | Noticed Natasha
  1354 | D:2      | Killed Natasha
  1637 | D:2      | Noticed Natasha
  1645 | D:2      | Killed Natasha
  1646 | D:2      | Reached XP level 5. HP: 34/41 MP: 5/5
  1650 | D:2      | Noticed Natasha
  1654 | D:2      | Natasha changed into Natasha the jelly
  1654 | D:2      | Noticed Natasha
  1655 | D:2      | Killed Natasha the jelly
  1724 | D:3      | Reached skill level 1 in Throwing
  1799 | D:3      | Found a shadowy altar of Dithmenos.
  1865 | D:3      | XOM: scenery: create altars
  1973 | D:3      | XOM: silly message
  2155 | D:3      | XOM: potion effect (haste)
  2161 | D:3      | Reached skill level 1 in Dodging
  2161 | D:3      | Reached XP level 6. HP: 47/47 MP: 6/6
  2468 | D:3      | Reached skill level 1 in Stealth
  2486 | D:3      | Found a basalt altar of Yredelemnul.
  2537 | D:3      | XOM: silly message
  2720 | D:4      | Reached XP level 7. HP: 28/53 MP: 7/7
  2768 | D:4      | XOM: silly message
  3185 | D:4      | Found a staircase to the Ecumenical Temple.
  3245 | D:4      | Found a bloodstained altar of Trog.
  3328 | D:4      | Found a sparkling altar of Nemelex Xobeh.
  3336 | D:4      | XOM: divination: magic mapping
  3502 | Temple   | Entered the Ecumenical Temple
  3530 | D:5      | Entered Level 5 of the Dungeon
  3566 | D:5      | Noticed Grinder
  3616 | D:5      | Paralysed by Grinder for 2 turns
  3619 | D:5      | XOM: cast spell 'Iskenderun's Battlesphere'
  3626 | D:5      | Killed Grinder
  3627 | D:5      | Reached XP level 8. HP: 49/60 MP: 2/8
  4105 | D:5      | XOM: give mutation
  4105 | D:5      | Gained mutation: You have hidden genetic potential. [Xom's
                  | mischief]
  4205 | D:5      | XOM: cloud trail
  4465 | D:6      | Noticed Menkaure
  4470 | D:6      | XOM: cast spell 'Summon Cactus Giant'
  4471 | D:6      | Killed Menkaure
  4697 | D:6      | XOM: destruction
  4936 | D:6      | XOM: scenery: 1 doors open
  5070 | D:6      | Reached XP level 9. HP: 65/66 MP: 9/9
  5156 | D:6      | Reached skill level 5 in Fighting
  5477 | D:6      | Found an ornate altar of the Wu Jian Council.
  5512 | D:6      | Found a snail-covered altar of Cheibriados.
  5533 | D:6      | Gained mutation: Your spells are a little harder to cast,
                  | but a little more powerful. [hidden potential]
  5613 | D:6      | XOM: cast spell 'Fugue of the Fallen'
  5619 | D:6      | Reached skill level 5 in Dodging
  5638 | D:6      | XOM: silly message
  5787 | D:6      | Found the +2 ratskin cloak {*Rats rPois rN+ Str-1 Int-1
                  | Dex+1}
  6141 | D:6      | Found an opulent altar of Gozag.
  6480 | D:7      | Found a shimmering altar of Xom.
  6683 | D:7      | Found an iron altar of Okawaru.
  6684 | D:7      | Found an ancient bone altar of Kikubaaqudgha.
  6753 | D:7      | Noticed a kobold demonologist
  6818 | D:7      | Killed a kobold demonologist
  6847 | D:7      | XOM: silly message
  6859 | D:7      | XOM: silly message
  6899 | D:7      | XOM: divination: detect creatures
  7138 | D:7      | XOM: summons friendly sun demon
  7144 | D:7      | Reached XP level 10. HP: 77/77 MP: 10/10
  7247 | D:7      | Gained mutation: Your spells are harder to cast, but more
                  | powerful. [hidden potential]
  7247 | D:7      | Lost mutation: You have hidden genetic potential. [hidden
                  | potential expressed]
  7554 | D:7      | XOM: scenery: create altars
  7644 | D:7      | XOM: give mutations
  7644 | D:7      | Gained mutation: You are partially covered in iridescent
                  | scales. (AC +2) [Xom's grace]
  7644 | D:7      | Gained mutation: You have a pair of small antennae on your
                  | head. [Xom's grace]
  7644 | D:7      | Gained mutation: Your flesh is cold resistant. (rC+) [Xom's
                  | grace]
  7727 | D:8      | Found a broken altar of Ashenzari.
  7881 | D:8      | Found a hazy altar of Hepliaklqana.
  7893 | D:8      | Identified the +7 scale mail of Unreason {*Corrode rElec
                  | Will++ Dex+3}
  7950 | D:8      | Noticed 1lSu2w's ghost (novice OpAE)
  7951 | D:8      | Found a transporter.
  7952 | D:8      | Noticed a moth of wrath
  7967 | D:8      | Found a transporter.
  8303 | D:7      | Fell from the grace of Xom
  8303 | D:7      | Became a worshipper of Warmaster Okawaru
  8371 | D:9      | Noticed a two-headed ogre
  8377 | D:9      | Killed a two-headed ogre
  8378 | D:9      | Reached skill level 10 in Long Blades
  8385 | D:9      | Noticed Erica
  8398 | D:8      | Reached * piety under Okawaru
  8454 | D:9      | Found a flagged portal.
  8508 | D:8      | XOM: stat loss: -2 Str (10/12)
  8536 | Bailey   | Entered a bailey
  8685 | Bailey   | XOM: noise
  8713 | Bailey   | Reached skill level 1 in Spellcasting
  8732 | Bailey   | XOM: god gift: giant club {god gift}
  8796 | Bailey   | Reached ** piety under Okawaru
  8842 | Bailey   | Noticed an orc knight
  8942 | Bailey   | Killed an orc knight
  8943 | Bailey   | Reached XP level 11. HP: 61/86 MP: 11/14
  8979 | Bailey   | Noticed an orc warlord
  9028 | Bailey   | Reached XP level 12. HP: 95/95 MP: 14/17
  9140 | D:9      | You fall into a shaft and drop 1 floor!
  9140 | D:10     | Entered Level 10 of the Dungeon
  9238 | D:9      | XOM: 1-stop teleportation journey
  9343 | D:9      | Identified the +7 war axe of the Unspeakable One
                  | {antimagic, Fly rN+++ Dex-3 SInv}
  9391 | D:9      | Killed Erica
  9391 | D:9      | Reached *** piety under Okawaru
  9392 | D:9      | Reached skill level 5 in Evocations
  9535 | D:9      | Noticed Gastronok
  9579 | D:9      | XOM: divination: detect creatures
  9926 | D:10     | Found a hide-covered altar of Uskayaw.
  9927 | D:10     | Noticed Fannar
  9955 | D:10     | Killed Fannar
 10048 | D:10     | Found a staircase to the Orcish Mines.
 10119 | D:10     | Noticed a two-headed ogre
 10130 | D:10     | Killed a two-headed ogre
 10165 | D:10     | Noticed Maurice
 10170 | D:10     | Maurice stole 727 gold
 10173 | D:10     | Killed Maurice
 10173 | D:10     | Reached **** piety under Okawaru
 10182 | D:10     | Noticed Psyche
 10228 | D:9      | Killed Psyche
 10429 | D:10     | Noticed a two-headed ogre
 10438 | D:10     | Killed a two-headed ogre
 10613 | D:11     | Found a staircase to the Lair.
 10640 | D:11     | Noticed a death yak
 10649 | D:10     | XOM: noise
 10736 | D:10     | Killed a death yak
 10757 | D:11     | Noticed a death yak
 10758 | D:11     | Noticed Josephine
 10769 | D:10     | Killed a death yak
 10806 | D:11     | Killed Josephine
 10806 | D:11     | Reached ***** piety under Okawaru
 10812 | D:11     | Reached skill level 10 in Fighting
 10893 | D:11     | Noticed a two-headed ogre
 10922 | D:11     | Killed a two-headed ogre
 10923 | D:11     | Reached XP level 13. HP: 74/103 MP: 18/18
 11245 | D:11     | Identified a scroll of acquirement
 11245 | D:11     | Acquired the +7 scimitar of Wariness {heavy, rC+ Will-
                  | rCorr Dex+2}
 11261 | D:11     | Learned a level 2 spell: Blink
 11278 | D:12     | Found a gate leading to a gauntlet.
 11285 | Gauntlet | Entered a Gauntlet
 11285 | Gauntlet | Found a transporter.
 11285 | Gauntlet | Found a transporter.
 11285 | Gauntlet | Found a transporter.
 11286 | Gauntlet | Found a transporter.
 11289 | Gauntlet | Found a transporter.
 11289 | Gauntlet | Found a transporter.
 11299 | Gauntlet | Found a transporter.
 11303 | Gauntlet | Found a transporter.
 11313 | Gauntlet | Found a transporter.
 11313 | Gauntlet | Found the +0 pair of fencer's gloves {Riposte Dex+3}
 11318 | Gauntlet | Found a transporter.
 11337 | Gauntlet | Found a transporter.
 11341 | Gauntlet | Found a transporter.
 11543 | Gauntlet | Reached skill level 5 in Invocations
 11641 | Gauntlet | Identified the +6 broad axe "Spiderslayer" {flame, rElec
                  | rC+}
 11641 | Gauntlet | Noticed a minotaur
 11645 | Gauntlet | Killed a minotaur
 11649 | Gauntlet | Identified the +7 giant club "Morakoid" {heavy, rC++ Str+2}
 11666 | Gauntlet | Received a gift from Okawaru
 11732 | D:12     | XOM: 3-stop teleportation journey
 11748 | D:12     | XOM: swap monsters
 12111 | D:12     | XOM: summons 2 hostile shadow creatures
 12260 | D:12     | Reached skill level 10 in Dodging
 12517 | D:13     | Noticed Urug
 12517 | D:13     | Noticed Rupert
 12517 | D:13     | Found a gate to the Vaults.
 12600 | Lair:1   | Entered Level 1 of the Lair of Beasts
 12636 | Lair:1   | XOM: noise
 12725 | Lair:1   | Received a gift from Okawaru
 13065 | Lair:1   | Got the Tractate on Nebulous Execration
 13582 | Lair:2   | XOM: give mutations
 13582 | Lair:2   | Gained mutation: Your mind is acute. (Int +4, Str/Dex -1)
                  | [Xom's mischief]
 13582 | Lair:2   | Gained mutation: You are frail. (-10% HP) [Xom's mischief]
 13582 | Lair:2   | Lost mutation: Your spells are harder to cast, but more
                  | powerful. [Xom's mischief]
 13776 | Lair:2   | Noticed Nergalle
 13779 | Lair:2   | Killed Nergalle
 13779 | Lair:2   | Received a gift from Okawaru
 13800 | Lair:2   | Reached XP level 14. HP: 101/101 MP: 19/19
 13965 | Lair:2   | XOM: give mutations
 13965 | Lair:2   | Lost mutation: You are frail. (-10% HP) [Xom's mischief]
 13965 | Lair:2   | Lost mutation: Your spells are a little harder to cast, but
                  | a little more powerful. [Xom's mischief]
 13965 | Lair:2   | Gained mutation: Your natural rate of healing is unusually
                  | fast. [Xom's mischief]
 13965 | Lair:2   | Gained mutation: You are weak. (Str -2) [Xom's mischief]
 14243 | Lair:2   | XOM: stat loss: -2 Str (7/9)
 14429 | Lair:2   | XOM: summons 1 hostile demon
 14497 | Lair:3   | Reached skill level 5 in Stealth
 14533 | Lair:3   | Found a dark tunnel.
 14550 | Volcano  | Entered a volcano
 14591 | Volcano  | XOM: blink monster(s)
 14592 | Volcano  | Received a gift from Okawaru
 14923 | Lair:3   | XOM: stat loss: -1 Str (8/9)
 14942 | Lair:3   | Found a staircase to the Snake Pit.
 14981 | Lair:3   | XOM: summons 12 hostile demons
 15174 | Lair:3   | Found a staircase to the Swamp.
 15624 | Lair:4   | Noticed Sonja
 15626 | Lair:4   | Sonja changed into Sonja the sky beast
 15626 | Lair:4   | Noticed Sonja
 15630 | Lair:4   | Killed Sonja the sky beast
 15819 | Lair:4   | XOM: summons 4 hostile shadow creatures
 15883 | Lair:4   | Reached ****** piety under Okawaru
 15890 | Lair:4   | Acquired a +2 vampiric double sword
 15890 | Lair:4   | Received a gift from Okawaru
 15898 | Lair:4   | Received a gift from Okawaru
 15899 | Lair:4   | Acquired the +4 skin of Zhor {*Englaciate rC+++ SInv}
 15899 | Lair:4   | Received a gift from Okawaru
 15899 | Lair:4   | Found the +4 skin of Zhor {*Englaciate rC+++ SInv}
 15923 | Lair:4   | Acquired a tertiary scope {Rampage Acrobat rElec Will+}
 15932 | Lair:4   | Found a viscous altar of Jiyva.
 15933 | Lair:4   | Found a staircase to the Slime Pits.
 16141 | Lair:4   | XOM: give mutations
 16141 | Lair:4   | Gained mutation: You are very weak. (Str -4) [Xom's
                  | mischief]
 16141 | Lair:4   | Lost mutation: You have a pair of small antennae on your
                  | head. [Xom's mischief]
 16154 | Lair:4   | XOM: god gift: 48 gold pieces
 16653 | Lair:5   | Entered Level 5 of the Lair of Beasts
 16745 | Lair:5   | Received a gift from Okawaru
 16763 | Lair:5   | Reached XP level 15. HP: 118/122 MP: 20/20
 17122 | Lair:5   | XOM: give mutations
 17122 | Lair:5   | Gained mutation: You are mostly covered in iridescent
                  | scales. (AC +4) [Xom's mischief]
 17122 | Lair:5   | Gained mutation: You are agile. (Dex +4, Str/Int -1) [Xom's
                  | mischief]
 17122 | Lair:5   | Gained mutation: You are strong-willed. (Will+) [Xom's
                  | mischief]
 17595 | Lair:4   | Identified the ring "Purghin" {Str+2 Int+6 Dex+3}
 17718 | Orc:1    | Entered Level 1 of the Orcish Mines
 17745 | Orc:1    | Found a roughly hewn altar of Beogh.
 17780 | Orc:1    | Found Uqipleutemno's Gadget Gallery.
 17817 | Orc:1    | Received a gift from Okawaru
 17926 | Orc:1    | Bought a wand of mindburst (7) for 117 gold pieces
 17926 | Orc:1    | Bought a wand of roots (4) for 115 gold pieces
 17926 | Orc:1    | Bought a phial of floods for 480 gold pieces
 17926 | Orc:1    | Bought a sack of spiders for 480 gold pieces
 17937 | Orc:1    | XOM: give mutations
 17937 | Orc:1    | Lost mutation: You are agile. (Dex +4, Str/Int -1) [Xom's
                  | mischief]
 17937 | Orc:1    | Gained mutation: You have hidden genetic defects. [Xom's
                  | mischief]
 17937 | Orc:1    | Lost mutation: You are mostly covered in iridescent scales.
                  | (AC +4) [Xom's mischief]
 18241 | Orc:1    | XOM: give mutations
 18241 | Orc:1    | Lost mutation: Your natural rate of healing is unusually
                  | fast. [Xom's mischief]
 18241 | Orc:1    | Lost mutation: You are partially covered in iridescent
                  | scales. (AC +2) [Xom's mischief]
 18241 | Orc:1    | Was forgiven by Xom
 18301 | Orc:1    | Lost mutation: You have hidden genetic defects. [potion of
                  | mutation]
 18301 | Orc:1    | Lost mutation: Your mind is acute. (Int +4, Str/Dex -1)
                  | [potion of mutation]
 18301 | Orc:1    | Lost mutation: You are strong-willed. (Will+) [potion of
                  | mutation]
 18301 | Orc:1    | Gained mutation: Your mind is acute. (Int +4, Str/Dex -1)
                  | [potion of mutation]
 18302 | Orc:1    | Lost mutation: Your mind is acute. (Int +4, Str/Dex -1)
                  | [potion of mutation]
 18302 | Orc:1    | Lost mutation: You are very weak. (Str -4) [potion of
                  | mutation]
 18302 | Orc:1    | Lost mutation: You are weak. (Str -2) [potion of mutation]
 18302 | Orc:1    | Gained mutation: You are weak. (Str -2) [potion of
                  | mutation]
 18302 | Orc:1    | Gained mutation: Your mind is acute. (Int +4, Str/Dex -1)
                  | [potion of mutation]
 18302 | Orc:1    | Gained mutation: You are agile. (Dex +4, Str/Int -1)
                  | [potion of mutation]
 18321 | Orc:2    | Entered Level 2 of the Orcish Mines
 18336 | Orc:2    | Noticed an orc warlord
 18343 | Orc:2    | Killed an orc warlord
 18416 | Orc:2    | Received a gift from Okawaru
 18418 | Orc:2    | Noticed an orc warlord
 18418 | Orc:2    | Found a roughly hewn altar of Beogh.
 18431 | Orc:2    | Killed an orc warlord
 18462 | Orc:2    | Found Qokh's Book Shoppe.
 18499 | Orc:2    | Received a gift from Okawaru
 18600 | Orc:2    | Noticed Erolcha
 18605 | Orc:2    | Killed Erolcha
 18910 | Orc:2    | Found a staircase to the Elven Halls.
 18974 | Orc:2    | Found Mynon's Antique Weapon Shoppe.
 18988 | Orc:2    | Found Goryuz's Antique Armour Shoppe.
 18996 | Orc:2    | Bought an embroidered scarf for 168 gold pieces
 18996 | Orc:2    | Bought a pair of embroidered boots for 157 gold pieces
 19109 | Orc:2    | Found Leufidgh's General Store.
 19115 | Orc:2    | Bought a scroll of identify for 26 gold pieces
 19115 | Orc:2    | Bought a scroll of vulnerability for 52 gold pieces
 19336 | D:13     | Killed Rupert
 19343 | D:13     | Killed Urug
 19358 | D:13     | Reached XP level 16. HP: 125/131 MP: 22/22
 19362 | D:13     | Reached skill level 15 in Long Blades
 19374 | D:13     | Received a gift from Okawaru
 19835 | D:13     | Found a runed translucent gate.
 19839 | D:13     | Found a runed translucent gate.
 19839 | D:13     | Found a runed translucent gate.
 19840 | D:13     | Found an opulent altar of Gozag.
 19841 | D:13     | Noticed Celudghu's ghost (journeyman TeCj)
 19841 | D:13     | Noticed a tengu reaver
 20241 | D:14     | Identified the +1 sling of the Slime-mould {heavy, rPois
                  | Dex+4}
 20571 | D:14     | Noticed Agnes
 20577 | D:14     | Killed Agnes
 20963 | D:15     | Entered Level 15 of the Dungeon
 20983 | D:15     | Noticed Roxanne
 21206 | D:15     | Received a gift from Okawaru
 21416 | D:15     | Found a staircase to the Depths.
 21860 | Snake:1  | Entered Level 1 of the Snake Pit
 21870 | Snake:1  | Noticed Donald
 21875 | Snake:1  | Killed Donald
 21964 | Snake:1  | Found Qoti's Book Shop.
 21970 | Snake:1  | Bought a book of Battle for 480 gold pieces
 21999 | Snake:1  | Received a gift from Okawaru
 22056 | Snake:1  | Received a gift from Okawaru
 22091 | Snake:1  | Learned a level 7 spell: Manifold Assault
 22192 | Snake:1  | Reached XP level 17. HP: 140/140 MP: 23/23
 22301 | Snake:1  | Noticed Asterion
 22311 | Snake:1  | Killed Asterion
 22312 | Snake:1  | Reached skill level 1 in Translocations
 22671 | Snake:2  | Found Osuhugh's General Store.
 22679 | Snake:2  | Bought a potion of heal wounds for 75 gold pieces
 22724 | Snake:2  | Reached skill level 15 in Fighting
 22921 | Snake:2  | Received a gift from Okawaru
 22922 | Snake:2  | Found Vibruqon's Armour Boutique.
 22932 | Snake:2  | Found Weint's Book Boutique.
 22940 | Snake:2  | Reached skill level 5 in Spellcasting
 23186 | Snake:2  | Found Byryurph's Antique Armour Boutique.
 23190 | Snake:2  | Found Opashin's General Store.
 23193 | Snake:2  | Bought 2 potions of mutation for 224 gold pieces
 23197 | Snake:2  | Bought a pair of shimmering boots for 380 gold pieces
 23197 | Snake:2  | Identified the +1 pair of boots of Lies {*Corrode Will+
                  | Dex+4} (You bought it in a shop on level 2 of the Snake
                  | Pit)
 24057 | Snake:3  | Received a gift from Okawaru
 24112 | Snake:3  | Found Jahig's Neck Hole.
 24127 | Snake:3  | Reached skill level 5 in Translocations
 24463 | Snake:3  | Found Cesm's Assorted Antiques.
 24463 | Snake:3  | Found Vallymos's General Store.
 24464 | Snake:3  | Found Igaloaf's Antique Weapon Emporium.
 24466 | Snake:3  | Found Ityga's Antique Weapon Shoppe.
 24619 | Snake:3  | Received a gift from Okawaru
 24780 | Snake:4  | Entered Level 4 of the Snake Pit
 24834 | Snake:4  | Found Xuxtithi's Antique Armour Boutique.
 25332 | Snake:4  | Reached XP level 18. HP: 123/149 MP: 29/29
 25357 | Snake:4  | Noticed Vashnia
 25363 | Arena    | Entered the Arena
 25664 | Arena    | Entered the Arena
 26032 | Snake:4  | Received a gift from Okawaru
 26069 | Snake:4  | Killed Vashnia
 26086 | Snake:4  | Found an iron altar of Okawaru.
 26102 | Snake:4  | Got a serpentine rune of Zot
 26630 | Swamp:1  | Entered Level 1 of the Swamp
 26662 | Swamp:1  | Found a runed translucent door.
 26748 | Swamp:1  | Identified the +0 ring mail of Dithmenos's Envy {Rampage
                  | rC- Slay+5}
 26925 | Swamp:1  | Reached skill level 10 in Translocations
 27120 | Swamp:1  | Noticed bongcheondong's ghost (adept GnIE)
 27137 | Swamp:2  | Received a gift from Okawaru
 27169 | Swamp:2  | Identified the +2 spear "Murmur" {vamp, rF- Int+4 Dex+3}
 27223 | Swamp:2  | Noticed Louise
 27233 | Swamp:2  | Killed Louise
 27451 | Swamp:2  | Reached skill level 10 in Spellcasting
 27715 | Swamp:2  | Received a gift from Okawaru
 27919 | Swamp:3  | Acquired the +6 scimitar of Valiance {freeze, rF++ rN+}
 28852 | Swamp:3  | Reached XP level 19. HP: 41/155 MP: 33/33
 29165 | Swamp:4  | Entered Level 4 of the Swamp
 29223 | Swamp:4  | Acquired the +7 demon blade "Iziseph" {elec, Dex+3 SInv}
 29267 | Swamp:4  | Identified the ring "Diwkayc" {+Blink Fly Will+ Dex-4}
 29890 | Swamp:4  | Received a gift from Okawaru
 30471 | Swamp:4  | Got a decaying rune of Zot
 30805 | Elf:1    | Entered Level 1 of the Elven Halls
 30871 | Elf:1    | Identified the +1 rapier of Carved Optimality {drain, rN+}
 30937 | Elf:1    | Found a flickering gateway to a bazaar.
 30943 | Bazaar   | Entered a bazaar
 30943 | Bazaar   | Found Kairch's Antique Weapon Shoppe.
 30943 | Bazaar   | Found Zeunyes's Armour Boutique.
 30943 | Bazaar   | Found Fig Kiew's Distillery.
 30943 | Bazaar   | Found Waokei's Jewellery Shop.
 30959 | Bazaar   | Found Wyttoh's Distillery.
 31001 | Bazaar   | Bought a potion of haste for 100 gold pieces
 31001 | Bazaar   | Bought a potion of mutation for 80 gold pieces
 31001 | Bazaar   | Bought 2 potions of brilliance for 80 gold pieces
 31001 | Bazaar   | Bought a potion of resistance for 100 gold pieces
 31001 | Bazaar   | Bought a potion of magic for 80 gold pieces
 31009 | Bazaar   | Bought a potion of mutation for 112 gold pieces
 31009 | Bazaar   | Bought a potion of heal wounds for 70 gold pieces
 31134 | Elf:1    | Got the Book of Finality
 31595 | Elf:1    | Found a portal to a secret trove of treasure.
 31834 | Elf:2    | Received a gift from Okawaru
 32120 | Elf:2    | Reached XP level 20. HP: 154/162 MP: 36/36
 32355 | Elf:2    | Found a runed translucent gate.
 32355 | Elf:2    | Found a runed translucent gate.
 32355 | Elf:2    | Found a runed translucent gate.
 32361 | Elf:2    | Received a gift from Okawaru
 32890 | Elf:2    | Reached skill level 15 in Translocations
 33388 | Elf:3    | Entered Level 3 of the Elven Halls
 33452 | Elf:3    | Received a gift from Okawaru
 33737 | Elf:3    | Received a gift from Okawaru
 33746 | Elf:3    | Identified the +1 scimitar of Zeutol Yra {speed, Will+}
 33824 | Elf:3    | Identified the ring of the Taurataur {AC+4 SInv}
 33860 | Elf:3    | Got Teme's Textbook on Refrigeration
 33864 | Elf:3    | Identified the +6 scale mail of the Armadillo {rElec Int+3
                  | Dex+3 Stlth+}
 33877 | Elf:3    | Identified the staff of Due Proportion {rC+ Dex+3 Ice}
 33878 | Elf:3    | Identified the +3 dagger of the Hidden Vale {flame, Str+3}
 33887 | Elf:3    | Got the Discursus on Wicked Magic
 33899 | Elf:3    | Identified the +0 helmet "Ygoizyul" {rPois Will+}
 33921 | Elf:3    | Identified the +5 ring mail of the Evil One {rF++ rN+++}
 33934 | Elf:3    | Identified the +9 bardiche of Femeis {drain, rC- Int+2
                  | Dex+7}
 34543 | Vaults:1 | Entered Level 1 of the Vaults
 34589 | Vaults:1 | Received a gift from Okawaru
 34802 | Vaults:1 | Reached XP level 21. HP: 166/168 MP: 28/38
 35062 | Vaults:1 | Received a gift from Okawaru
 35659 | Vaults:1 | Reached skill level 5 in Armour
 35837 | Vaults:2 | Identified the +4 robe of Nihilism {Will++}
 35837 | Vaults:2 | Noticed Boris
 35851 | Vaults:2 | Killed Boris
 36282 | Vaults:2 | Noticed Margery
 36285 | Vaults:2 | Killed Margery
 36784 | Vaults:2 | Received a gift from Okawaru
 37899 | Vaults:3 | Found Ilualuyss's Assorted Antiques.
 38023 | Vaults:3 | Found a staircase to the Crypt.
 38039 | Vaults:3 | Received a gift from Okawaru
 38045 | Vaults:3 | Reached XP level 22. HP: 86/177 MP: 39/39
 38307 | Vaults:3 | Reached skill level 15 in Dodging
 38902 | Vaults:4 | Received a gift from Okawaru
 38921 | Vaults:4 | Noticed Xtahua
 38936 | Vaults:4 | Killed Xtahua
 39774 | Vaults:4 | Received a gift from Okawaru
 40292 | Vaults:5 | Entered Level 5 of the Vaults
 40309 | Vaults:5 | Received a gift from Okawaru
 40675 | Vaults:5 | Received a gift from Okawaru
 40676 | Vaults:5 | Reached XP level 23. HP: 186/186 MP: 41/41
 41099 | Vaults:5 | Noticed a golden dragon
 41102 | Vaults:5 | Killed a golden dragon
 41205 | Vaults:5 | Noticed a dread lich
 41208 | Vaults:5 | Received a gift from Okawaru
 41209 | Vaults:5 | Killed a dread lich
 41485 | Vaults:5 | Found Ceodwag's Magic Scroll Boutique.
 41493 | Vaults:5 | Bought 2 scrolls of blinking for 315 gold pieces
 41493 | Vaults:5 | Bought a scroll of revelation for 157 gold pieces
 41493 | Vaults:5 | Bought a scroll of teleportation for 63 gold pieces
 41739 | Vaults:5 | Got Cerebov's Spellbook of Pyromania
 41749 | Vaults:5 | Got the Almanac of Galvanic Mud
 41751 | Vaults:5 | Got a silver rune of Zot
 41882 | Vaults:5 | Identified the +4 battleaxe of Karma {flame, *Rage rElec
                  | rF+ Int+3}
 42354 | Snake:1  | Bought a manual of Dodging for 1200 gold pieces
 42610 | Depths:1 | Entered Level 1 of the Depths
 42741 | Depths:1 | Found a snail-covered altar of Cheibriados.
 42827 | Depths:1 | Received a gift from Okawaru
 43260 | Depths:1 | Noticed Saint Roka
 43265 | Depths:1 | Reached skill level 15 in Spellcasting
 43270 | Depths:1 | Killed Saint Roka
 43401 | Depths:1 | Found a gateway to Hell.
 43736 | Depths:2 | Found a one-way gateway to a ziggurat.
 43752 | Depths:2 | Noticed Sojobo
 43763 | Depths:2 | Killed Sojobo
 43955 | Depths:2 | You fall into a shaft and drop 2 floors!
 43955 | Depths:4 | Entered Level 4 of the Depths
 43969 | Depths:4 | Received a gift from Okawaru
 43973 | Depths:4 | Reached XP level 24. HP: 196/196 MP: 27/42
 44047 | Depths:4 | Noticed a juggernaut
 44056 | Depths:4 | Killed a juggernaut
 44147 | Depths:4 | Reached skill level 10 in Armour
 44646 | Depths:4 | Identified the amulet "Holavatt" {RegenMP+ Dex+4}
 44685 | Depths:4 | Received a gift from Okawaru
 44727 | Depths:4 | Found a gate to the Realm of Zot.
 44739 | Depths:4 | Identified the +3 long sword "Puomah" {flame, ^Fragile SInv
                  | Stlth+}
 44793 | Depths:4 | Got a midnight gem with 911 turns to spare
 44793 | Depths:4 | Got the Cyclopedia of the Virulent Barrage
 44800 | Depths:4 | Identified the +4 rapier of Dithmenos, Keeping {vamp, rElec
                  | Will- MP+9}
 45452 | Depths:4 | Received a gift from Okawaru
 45860 | Depths:3 | Found a one-way gate to the infinite horrors of the Abyss.
 45892 | Depths:3 | Noticed Norris
 45900 | Depths:3 | Killed Norris
 45927 | Depths:3 | Identified the +2 robe of Hamipn {-Tele rPois rF+ Archmagi}
 45927 | Depths:3 | Noticed Boris
 45947 | Depths:3 | Killed Boris
 46167 | Depths:3 | Acquired the +2 Maxwell's thermic engine {flame, freeze,
                  | rev}
 46167 | Depths:3 | Found the +2 Maxwell's thermic engine {flame, freeze, rev}
 46246 | Depths:3 | Noticed a juggernaut
 46247 | Depths:3 | Identified the +8 scimitar of the Poles {holy, Will+ Str+2
                  | Int+3 Stlth+}
 46254 | Depths:3 | Killed a juggernaut
 46265 | Depths:3 | Received a gift from Okawaru
 46267 | Depths:3 | Reached XP level 25. HP: 205/205 MP: 21/42
 46639 | Depths:2 | Noticed Grunn
 46644 | Depths:2 | Killed Grunn
 46876 | Depths:2 | Noticed Vv
 46884 | Depths:2 | Killed Vv
 46982 | Depths:2 | Received a gift from Okawaru
 47064 | Depths:2 | Found a one-way gate leading to the halls of Pandemonium.
 47725 | Depths:2 | Noticed Jory
 47736 | Depths:2 | Killed Jory
 48233 | Depths:2 | Received a gift from Okawaru
 48700 | Depths:3 | Learned a level 4 spell: Passage of Golubria
 48705 | Depths:3 | Learned a level 4 spell: Vhi's Electric Charge
 48984 | Depths:3 | Identified the +3 ring mail of Yliuv {Will+ Str+2}
 49227 | Zot:1    | Entered Level 1 of the Realm of Zot
 49351 | Zot:1    | Found a runed translucent door.
 49351 | Zot:1    | Noticed Draconius's ghost (adept GrEE)
 50903 | Zot:2    | Found the +10 dark maul {heavy}
 50908 | Zot:2    | Reached XP level 26. HP: 198/215 MP: 29/43
 51252 | Zot:2    | Received a gift from Okawaru
 51462 | Zot:1    | Identified the +2 broad axe "Eqeokah" {venom, rElec rN+
                  | Dex+4}
 52171 | Zot:3    | Noticed an orb of fire
 52175 | Zot:3    | Gained mutation: Your body sometimes deteriorates upon
                  | taking damage. [an orb of fire]
 52177 | Zot:3    | Killed an orb of fire
 52188 | Zot:3    | Received a gift from Okawaru
 52484 | Zot:3    | Identified the +8 sling of Ydefy {heavy, rPois rF- rC++
                  | Dex+2}
 53625 | Zot:4    | Learned a level 2 spell: Sublimation of Blood
 53804 | Zot:5    | Entered Level 5 of the Realm of Zot
 53806 | Zot:5    | Received a gift from Okawaru
 53813 | Zot:5    | Reached skill level 1 in Necromancy
 53964 | Zot:5    | Reached skill level 5 in Necromancy
 54443 | Zot:5    | Received a gift from Okawaru
 54657 | Zot:5    | Noticed a Killer Klown
 54665 | Zot:5    | Killed a Killer Klown
 54799 | Zot:5    | Reached XP level 27. HP: 154/224 MP: 9/44
 54799 | Zot:5    | Noticed an orb of fire
 54800 | Zot:5    | Gained mutation: Your spells are a little easier to cast,
                  | but a little less powerful. [an orb of fire]
 54800 | Zot:5    | Gained mutation: You occasionally shout uncontrollably at
                  | your foes. [an orb of fire]
 54802 | Zot:5    | Killed an orb of fire
 54802 | Zot:5    | Noticed an orb of fire
 54803 | Zot:5    | Lost mutation: Your spells are a little easier to cast, but
                  | a little less powerful. [an orb of fire]
 54805 | Zot:5    | Killed an orb of fire
 54820 | Zot:5    | Noticed a dread lich
 54823 | Zot:5    | Killed a dread lich
 54824 | Zot:5    | Reached skill level 10 in Necromancy
 54831 | Zot:5    | Received a gift from Okawaru
 54832 | Zot:5    | Noticed an ancient lich
 54835 | Zot:5    | Noticed a dread lich
 54839 | Zot:5    | Killed a dread lich
 54841 | Zot:5    | Killed an ancient lich
 54937 | Zot:5    | Noticed an ancient lich
 54941 | Zot:5    | Killed an ancient lich
 55211 | Zot:5    | Noticed an ancient lich
 55217 | Zot:5    | Killed an ancient lich
 55217 | Zot:5    | Received a gift from Okawaru
 55226 | Zot:5    | Noticed a dread lich
 55233 | Zot:5    | Killed a dread lich
 55549 | Zig:1    | Entered Level 1 of a ziggurat
 55608 | Zig:2    | Entered Level 2 of a ziggurat
 55623 | Zig:3    | Entered Level 3 of a ziggurat
 55680 | Zig:3    | Identified the +4 scale mail of the Devil's Advocate {rN+
                  | Will+}
 55687 | Zig:4    | Entered Level 4 of a ziggurat
 55756 | Zig:5    | Entered Level 5 of a ziggurat
 55847 | Zig:6    | Entered Level 6 of a ziggurat
 55854 | Zig:6    | Noticed Jucs the pandemonium lord
 55862 | Zig:6    | Killed Jucs the pandemonium lord
 55979 | Zig:6    | Identified the +11 flail of Awkwardness {pain, rPois rF+
                  | Will++ Str-3}
 55984 | Zig:6    | Identified the staff of Welfare {rF+ rC+ Stlth- Hexes Fire}
 55990 | Zig:6    | Identified the ring of Dirilio {Will+ EV+5 Dex+5}
 55992 | Zig:7    | Entered Level 7 of a ziggurat
 56141 | Zig:8    | Entered Level 8 of a ziggurat
 56146 | Zig:8    | Noticed a dread lich
 56150 | Zig:8    | Found the brooch of Shielding {Spirit SH+8}
 56152 | Zig:8    | Killed a dread lich
 56272 | Zig:8    | Identified the +7 trident of Death's Door {venom, Str+2}
 56275 | Zig:8    | Got the Spellbook of Enthralling Misery
 56300 | Zig:9    | Entered Level 9 of a ziggurat
 56313 | Zig:9    | Received a gift from Okawaru
 56691 | Zig:9    | Identified the +11 mace "Fapuod" {freeze, rElec rN+ Str-4
                  | SInv}
 56705 | Zig:10   | Entered Level 10 of a ziggurat
 56712 | Zig:10   | Noticed a royal mummy
 56722 | Zig:10   | HP: 6/322 [mummy priest/divine providence (13)]
 56722 | Zig:10   | Killed from afar by a royal mummy

Illustrated notes

Levels and vault maps discovered:
D:1:      nagdon_arrival_double_spiral, layout_basic, hex_tiny
D:2:      layout_loops_corners, hangedman_decor_clover_reticule,
          serial_bayou_lagoon_a, uniq_jessica, uniq_natasha
D:3:      layout_basic, lemuel_zombie_altar_yredelemnul,
          nicolae_dithmenos_shadow_blocks
D:4:      layout_rooms, kennysheep_mini_moat, trog_hazing_becter,
          lemuel_temple_firewalk_a
D:5:      layout_gridville, uniq_grinder
D:6:      layout_loops_corners, grunt_gozag_breadcrumbs,
          mainiacjoe_overflow_brackets, mainiacjoe_overflow_surrounded_room,
          wander_guarded_unrand_ratskin, uniq_menkaure
D:7:      layout_cave_pods, minitemple, chequers_serial_rivers_small_3
D:8:      layout_gridville, mainiacjoe_overflow_alcove_2, kennysheep_little_box,
          gammafunk_ghost_berserking_beasts, nicolae_kite_square_tiling_tiny
D:9:      kennysheep_steamy, layout_loops_ring, enter_bailey_5,
          nzn_life_drinkers, uniq_erica, uniq_gastronok
D:10:     layout_irregular_city, nicolae_uskayaw_murder_on_the_dancefloor,
          orc_0_dummy, uniq_psyche, uniq_fannar, uniq_maurice
D:11:     layout_rooms, dpeg_lair_monsters, uniq_josephine
D:12:     layout_loops_corners, gauntlet_entry_generic
D:13:     layout_basic, david_vaults_3, ebering_ghost_gozag, uniq_urug
D:14:     layout_gridville, uniq_agnes
D:15:     hangedman_depths_entry_civil_slaughter, layout_rooms,
          minmay_misc_feat_chi, uniq_roxanne
Temple:   compressed_dpeg_triangle_lava_temple
Lair:1:   layout_long_grid, minivault_24, chequers_serial_rivers_large_b,
          chequers_serial_rivers_room_a, grunt_megastairs_1
Lair:2:   layout_cave_pods, grunt_megastairs_4, infiniplex_staircase_pool_2,
          lemuel_fruit_tree, serial_bayou_shore_a, uniq_nergalle
Lair:3:   layout_loops_ring, swamp_mist, alex1729_snake_entry_snake,
          lightli_volcano_entry_magma_tube, pond, grunt_megastairs_5
Lair:4:   layout_cave_pods, minmay_slime_entry_eyes, lemuel_fruit_fields,
          uniq_sonja
Lair:5:   minmay_lair_end_enchanted_forest, layout_hall_layers
Swamp:1:  layout_basic_swamp, ebering_ghost_reflecting_pool,
          evilmike_swamp_ruin_house_4, infiniplex_staircase_pool
Swamp:2:  tekkud_swamp_unearthing_site, layout_basic_swamp,
          evilmike_swamp_ruin_rubble_1, evilmike_swamp_ruin_house_1,
          swamp_pool_1_2, uniq_louise
Swamp:3:  layout_basic_swamp, nicolae_swamp_well_well_well, swamp_pool_5,
          nicolae_swamp_necromancy_gone_wrong
Swamp:4:  swamp_alternative, layout_basic_swamp, swamp_pool_4,
          nicolae_swamp_long_stream, nicolae_swamp_decorative_isthmus
Snake:1:  layout_basic, minmay_shop_star, uniq_asterion, uniq_donald
Snake:2:  layout_chambers, serial_shops, shop, minmay_shop_grid_forest
Snake:3:  layout_gridlike, abandoned_shop, nicolae_shop_sticking_my_neck_out,
          minmay_shoptagon
Snake:4:  grunt_snake_rune_serpentine_throne, layout_misc_corridors,
          serial_shops, shop
Orc:1:    minmay_goldmine, layout_caves, basic_altar, nicolae_shop_gadgets
Orc:2:    grunt_orc_cross, layout_diamond_mine, uniq_erolcha
Elf:1:    eino_elf_arrival_shootout, layout_geoelf_octagon, serial_shops,
          bzr_entry_safe, nicolae_trove_entry_diagonal, minmay_elf_necromancy
Elf:2:    nicolae_elf_blades_splatter_lattice [nicolae_blade_bullseye],
          layout_rooms, minivault_8
Elf:3:    minmay_elf_hall_curves, layout_rooms, grunt_ministairs_5
Vaults:1: v_pattern_5, nicolae_vaults_yaktaur_gun_rack,
          nicolae_vaults_tetromino_L_2, hangedman_vaults_corner_blocks,
          nicolae_vaults_double_plus_1, hangedman_vaults_maws, v_misc_4,
          nicolae_vaults_closet_pinwheel_1, hangedman_vaults_maws,
          layout_vaults_quadrants
Vaults:2: serial_ice_g, nicolae_vaults_sesquioval_fish, vaults_dpeg_diagonal,
          nicolae_vaults_apartment_1, ontoclasm_vaults_ring_square, v_misc_22,
          ontoclasm_vaults_idyll, v_alt_pattern_3, hangedman_vaults_impose,
          hangedman_vaults_nails, ontoclasm_vaults_gallery,
          nicolae_vaults_border_crossing, vaults_room_hallway,
          nicolae_vaults_trapezoid_lopsided_3, layout_vaults_omnicross,
          uniq_margery, uniq_boris
Vaults:3: v_misc_27, hangedman_vaults_stream, nicolae_vaults_back_hallway,
          grunt_vaults_trifunnel, nicolae_vaults_storage_closets_3, v_misc_8,
          dpeg_vaults_pockets_of_resistance, hangedman_vaults_slice,
          nicolae_vaults_tangram_1, nicolae_vaults_double_plus_1,
          nicolae_vaults_mini_display_case, layout_vaults_chaotic_city,
          serial_shops, shop
Vaults:4: dpeg_index_elf_rogue_hall, nicolae_vaults_diamond_1, vaults_dpeg_ring,
          nicolae_vaults_wrenched, hangedman_vaults_nodes,
          hangedman_vaults_trim, nicolae_vaults_closet_pinwheel_6, v_misc_8,
          v_misc_1, nicolae_vaults_twisting_passages,
          ontoclasm_vaults_loading_screen, layout_vaults_maze_bifur, uniq_xtahua
Vaults:5
Depths:1: layout_forbidden_donut, nicolae_sextant,
          grunt_hell_entry_demonic_statue, minmay_misc_feat_alley,
          minmay_misc_feat_square, chei_slow_surprise, uniq_saint_roka
Depths:2: due_jory_tower, layout_gridlike, enter_ziggurat_f, special_room
          [special_room_mythical_zoo], grunt_hell_entry_dis_mu,
          grunt_pan_entry_spiral, amcnicky_mini_rare_corridor_liquid,
          uniq_sojobo, uniq_vv, uniq_grunn
Depths:3: hangedman_arch_fort, layout_twisted_cross,
          nicolae_abyss_entry_one_way_or_another, hell_entry,
          grunt_decor_mini_mirrors, hangedman_abyss_or_decor_jellyfish_corner,
          hangedman_devilish_allure, infiniplex_staircase_pool_lava, uniq_norris
Depths:4: lemuel_castle_with_subvaults [lemuel_castle_interior_carwin_3],
          layout_basic, glass_columns_c, hangedman_coc_ice_floe
Zot:1:    layout_basic, ebering_ghost_inner_flame, skrybe_zot_glass_1
Zot:2:    layout_gridlike, regret_index_zotdec_fiery_em, st_large_dragon_hoard_3
Zot:3:    grunt_zot_stairs_mandelzot, layout_concentric_octagons
Zot:4:    kennysheep_bubbly, layout_gridlike, nicolae_tricolors
Zot:5:    layout_cathedral_of_symmetry
Zig:10

Skill      XL: |  1  2  3  4  5  6  7  8  9 10 11 12 13 14 15 16 17 18 19 20 21 22 23 24 25 26 27 |
---------------+----------------------------------------------------------------------------------+-----
Long Blades    | 4 5 6 7 8 9 10 11 12 13 14 16 17 18 19 20 21 | 21.6
Throwing       | 2 |  2.0
Dodging        | 1 2 4 6 7 8 9 10 11 12 13 14 15 16 18 19 20 21 | 21.3
Stealth        | 1 2 3 4 6 8 9 |  9.0
Fighting       | 4 6 8 9 10 11 12 13 14 15 16 17 18 19 21 | 21.0
Armour         | 2 3 4 6 8 9 11 12 13 | 13.3
Spellcasting   | 2 3 4 7 10 12 13 14 15 16 17 | 17.0
Invocations    | 2 4 5 7 8 9 |  9.0
Evocations     | 4 7 9 |  9.0
Translocations | 8 11 14 17 | 17.0
Necromancy     | 8 11 | 11.0

Action                     |  1- 3 |  4- 6 |  7- 9 | 10-12 | 13-15 | 16-18 | 19-21 | 22-24 | 25-27 || total
---------------------------+-------+-------+-------+-------+-------+-------+-------+-------+-------++-------
  Melee: Falchion          |    50 |    88 |   225 |   199 |       |       |       |       |       ||   562
         Dagger            |    37 |    75 |   121 |       |       |       |       |       |       ||   233
         Long sword        |       |       |   112 |   316 |     8 |       |       |       |       ||   436
         Scimitar          |       |       |       |   116 |   947 |   635 |    17 |       |       ||  1715
         Double sword      |       |       |       |       |   143 |   615 |   750 |   887 |  1570 ||  3965
         Demon blade       |       |       |       |       |       |       |   735 |   831 |       ||  1566
  Throw: Dart              |       |       |       |     4 |       |       |       |       |       ||     4
   Cast: Blink             |       |       |       |       |       |     1 |       |       |       ||     1
         Manifold Assault  |       |       |       |       |       |       |    49 |    67 |   108 ||   224
         Sublimation of Bl |       |       |       |       |       |       |       |       |     2 ||     2
         Passage of Golubr |       |       |       |       |       |       |       |       |     1 ||     1
 Invoke: Heroism           |       |       |       |     2 |    12 |    15 |    11 |    10 |    15 ||    65
         Receive Weapon    |       |       |       |       |     1 |       |       |       |       ||     1
         Receive Armour    |       |       |       |       |     1 |       |       |       |       ||     1
         Finesse           |       |       |       |       |       |     2 |       |       |       ||     2
         Duel              |       |       |       |       |       |     2 |       |       |       ||     2
Ability: Invent Gizmo      |       |       |       |       |     1 |       |       |       |       ||     1
  Evoke: Lightning rod     |       |       |       |     9 |     9 |       |     3 |       |       ||    21
         Wand              |       |       |       |       |     2 |       |     3 |       |     2 ||     7
         Phial of floods   |       |       |       |       |     1 |       |     1 |       |       ||     2
         Tin of tremorston |       |       |       |       |       |       |     1 |       |       ||     1
    Use: Scroll            |       |       |     5 |     4 |    25 |    10 |     1 |     2 |       ||    47
         Potion            |       |       |       |     1 |     8 |     4 |     5 |       |     6 ||    24
   Stab: Petrifying        |     1 |     1 |     1 |       |       |       |       |       |       ||     3
         Sleeping          |     1 |     3 |     6 |     4 |    18 |    25 |    20 |    18 |    15 ||   110
         Petrified         |       |     4 |       |       |       |       |       |       |       ||     4
         Confused          |       |       |     2 |       |     1 |       |     1 |       |       ||     4
         Distracted        |       |       |     1 |       |     4 |     5 |     7 |     9 |     4 ||    30
 Armour: Leather armour    |    35 |    48 |   121 |    46 |       |       |       |       |       ||   250
         Troll leather arm |       |       |       |   169 |   195 |       |       |       |       ||   364
         Skin              |       |       |       |     6 |       |       |       |       |    13 ||    19
         Animal skin       |       |       |       |       |   103 |   390 |   209 |    48 |       ||   750
         Chain mail        |       |       |       |       |     2 |       |       |       |       ||     2
         Ring mail         |       |       |       |       |       |       |       |   249 |   276 ||   525
  Dodge: Dodged            |    19 |    40 |   136 |   348 |   653 |   906 |   598 |   646 |   625 ||  3971
Riposte: Scimitar          |       |       |       |       |   246 |   114 |     1 |       |       ||   361
         Double sword      |       |       |       |       |    35 |   116 |    87 |    88 |   149 ||   475
         Demon blade       |       |       |       |       |       |       |    85 |    76 |       ||   161

Table legend: (Time is in decaauts)
 A = Elapsed time spent in this place.
 B = Non-inter-level travel time spent in this place.
 C = Inter-level travel time spent in this place.
 D = Time resting spent in this place.
 E = Time spent auto-exploring this place.
 F = Levels seen in this place.
 G = Mean time per level.
                   A        B        C        D        E       F      G
               +--------+--------+--------+--------+--------+-----+--------+
         Total |  56151 |  52185 |   3966 |   2115 |  40675 |  64 |  877.4 |
       Dungeon |  14517 |  13377 |   1140 |    825 |  10192 |  15 |  967.8 |
        Temple |      1 |      1 |      0 |      0 |      0 |   1 |    1.0 |
          Lair |   5201 |   4546 |    655 |      2 |   3667 |   5 | 1040.2 |
         Swamp |   4201 |   4075 |    126 |    484 |   2829 |   4 | 1050.2 |
     Snake Pit |   4691 |   4380 |    311 |     11 |   3550 |   4 | 1172.8 |
  Orcish Mines |   1595 |   1384 |    211 |      0 |   1086 |   2 |  797.5 |
   Elven Halls |   3378 |   3117 |    261 |    161 |   2312 |   3 | 1126.0 |
        Vaults |   7390 |   6984 |    406 |    247 |   5679 |   5 | 1478.0 |
        Depths |   6587 |   6117 |    470 |      6 |   5133 |   4 | 1646.8 |
           Zot |   6095 |   5714 |    381 |    156 |   4891 |   5 | 1219.0 |
      Ziggurat |   1163 |   1163 |      0 |      4 |    953 |  10 |  116.3 |
        Bazaar |     69 |     69 |      0 |      0 |     47 |   1 |   69.0 |
        Bailey |    521 |    521 |      0 |    143 |     87 |   1 |  521.0 |
       Volcano |    281 |    281 |      0 |     42 |     55 |   1 |  281.0 |
      Gauntlet |    417 |    417 |      0 |     32 |    190 |   1 |  417.0 |
         Arena |     37 |     37 |      0 |      0 |      0 |   2 |   18.5 |
               +--------+--------+--------+--------+--------+-----+--------+

Top non-repeatable levels by time:
Depths:2: 2199 daAuts
     D:6: 1955 daAuts
Depths:4: 1927 daAuts
 Swamp:3: 1907 daAuts
 Snake:4: 1629 daAuts
Vaults:4: 1626 daAuts
Vaults:3: 1610 daAuts
Vaults:2: 1451 daAuts
Vaults:5: 1427 daAuts
 Snake:2: 1423 daAuts
   Elf:2: 1385 daAuts
   Zot:1: 1375 daAuts
Depths:3: 1368 daAuts
     D:7: 1327 daAuts
    D:12: 1322 daAuts
